AoeStats
← Ger_Ald

Arabia

510148102Analyzed
1v1 RM · 3d ago on Sep 29, 2026· 38m 24s· 2 players
Game mode
Random Map
Map size
Tiny (2 player)
Population
200
Speed
Normal
Resources
Standard
Victory
Conquest
Starting age
Dark Age
Ending age
Imperial Age
RankedLock teamsTeams togetherTeam positionsShared explorationLock speedFull tech treeHidden civsTurbo modeCheats
Victory
Defeat
🇩🇪 Lithuanians · Germany
1110
+17
🇩🇪 Slavs · Germany
1136
-43
h1dr00n
6:23 Loom
9:32 Feudal Age
10:14 Double-Bit Axe
11:33 Horse Collar
16:09 Wheelbarrow
16:12 Wheelbarrow
19:20 Castle Age
18:09 Forging
19:11 Bloodlines
19:53 Scale Barding Armor
23:06 Bow Saw
24:23 Chain Barding Armor
24:39 Heavy Plow
30:24 Iron Casting
32:51 Hand Cart
33:23 Fletching
37:14 Imperial Age
37:21 Imperial Age
37:57 Cavalier
Ger_Ald
8:02 Loom
10:12 Feudal Age
11:20 Double-Bit Axe
14:32 Horse Collar
17:11 Wheelbarrow
21:10 Castle Age
24:03 Forging
23:59 Scale Barding Armor
27:21 Husbandry
29:48 Chain Barding Armor
31:40 Bow Saw
33:35 Heavy Plow
35:03 Bloodlines
35:40 Pikeman
36:20 Squires
37:20 Hand Cart
37:01 Gold Mining
37:01 Stone Mining
Connection lost

Rejoining the realm…

Still unreachable

The connection could not be restored.

Session expired

The server has moved on; the page needs a fresh start.